Map: Dusk Towers

Players

Jyan

  • Race: Protoss Protoss
  • League: Silver

Manta - Winner!

  • Race: Zerg Zerg
  • League: Silver

VOD

Have the link to the VOD?

Description

Time

  • Played on: Feb. 15, 2016, 7:21 p.m.
  • Length: 13:08
Show
View Real Time Build Order
Export as new Build Order

Jyan Protoss 

Build Orders: 1 Gate Expand, Oracle Opening 

Get SALT Encoding   

  12  0:02  Probe (Chrono Boost)  
  13  0:13  Probe (Chrono Boost)  
  14  0:23  Probe (Chrono Boost)  
  14  0:24  Pylon  
  15  0:42  Probe (Chrono Boost), Gateway  
  16  0:49  Assimilator  
  16  0:52  Probe (Chrono Boost)  
  17  1:05  Probe (Chrono Boost)  
  18  1:19  Probe (Chrono Boost)  
  18  1:24  Nexus  
  19  1:30  Probe (Chrono Boost)  
  20  1:50  Probe (Chrono Boost)  
  20  1:51  Cybernetics Core  
  20  1:52  Assimilator  
  21  2:05  Pylon  
  21  2:18  Probe (Chrono Boost)  
  22  2:29  Probe (Chrono Boost)  
  23  2:31  Stargate  
  23  2:37  Probe (Chrono Boost)  
  24  2:40  Probe (Chrono Boost)  
  25  2:46  Stalker (Chrono Boost)  
  25  2:47  Probe (Chrono Boost)  
  28  2:53  Warp Gate (Chrono Boost)  
  28  2:56  Probe  
  29  3:05  Gateway  
  29  3:10  Gateway  
  29  3:12  Probe  
  32  3:23  Probe  
  32  3:26  Oracle (Chrono Boost)  
  34  3:33  Probe  
  34  3:37  Stalker  
  34  3:39  Probe  
  38  3:44  Probe  
  39  3:51  Probe  
  39  3:54  Pylon, Probe  
  40  3:58  Oracle (Chrono Boost)  
  40  4:02  Pylon  
  44  4:05  Probe  
  45  4:10  Pylon  
  45  4:12  Assimilator  
  45  4:14  Probe  
  45  4:16  Probe  
  47  4:26  Probe  
  47  4:28  Probe  
  49  4:35  Phoenix  
  48  4:50  Assimilator  
  48  4:51  Probe  
  49  4:54  Probe  
  49  4:57  Phoenix  
  50  5:03  Probe  
  50  5:04  Twilight Council  
  50  5:06  Probe  
  54  5:18  Phoenix  
  54  5:20  Nexus  
  54  5:23  Pylon  
  54  5:24  Pylon  
  54  5:27  Probe  
  57  5:38  Twilight Council  
  57  5:39  Probe  
  57  5:41  Robotics Facility  
  58  5:42  Robotics Facility  
  58  5:50  Phoenix  
  60  6:02  Charge (Chrono Boost)  
  60  6:07  Zealot x2  
  60  6:08  Zealot  
  66  6:17  Gateway  
  66  6:19  Gateway  
  66  6:21  Gateway  
  66  6:23  Gateway  
  66  6:25  Phoenix  
  68  6:37  Probe  
  68  6:38  Probe  
  68  6:39  Probe  
  70  6:47  Phoenix  
  71  6:49  Probe  
  71  6:50  Probe  
  74  7:00  Probe  
  71  7:04  Stalker x2  
  71  7:05  Stalker  
  76  7:10  Probe  
  77  7:18  Probe x2  
  77  7:20  Mothership Core  
  79  7:25  Pylon  
  79  7:28  Forge  
  81  7:30  Probe  
  82  7:37  Immortal x2  
  90  7:46  Forge  
  90  7:49  Forge  
  90  7:57  Pylon  
  90  7:58  Pylon, Zealot x2  
  90  7:59  Pylon, Zealot x3  
  90  8:03  Templar Archives  
  100  8:17  Assimilator  
  100  8:19  Assimilator, Probe x2  
  102  8:20  Probe  
  102  8:25  Zealot x3  
  102  8:26  Zealot  
  111  8:31  Probe x3  
  114  8:35  Immortal  
  122  8:41  Immortal  
  122  8:42  Probe  
  122  8:43  Probe  
  124  8:55  Probe  
  124  8:58  High Templar  
  124  8:59  High Templar x3  
  133  9:06  Pylon  
  133  9:09  Pylon  
  133  9:12  Archon x2  
  133  9:22  Probe  
  133  9:27  High Templar x2  
  133  9:31  High Templar x2  
  140  9:33  Archon, Probe  
  140  9:34  Zealot x2  
  140  9:35  Zealot  
  140  9:37  Archon  
  149  9:41  Pylon  
  149  9:44  Pylon  
  149  9:46  Pylon  
  149  9:48  Pylon, Protoss Ground Armor Level 1 (Chrono Boost), Protoss Ground Weapons Level 1 (Chrono Boost)  
  149  10:03  Pylon  
  149  10:06  Pylon  
  133  10:40  Phoenix (Chrono Boost)  
  75  11:00  Stargate  
  75  11:03  Stalker x2  
  75  11:04  Phoenix (Chrono Boost), Stalker x3, Stargate  
  82  11:05  Stalker x2  
  92  11:25  Phoenix (Chrono Boost)  
  92  11:28  High Templar x4  
  92  11:32  Archon  
  100  11:33  Archon  
  100  11:41  Zealot x3  
  108  11:47  Phoenix (Chrono Boost)  
  110  12:09  Phoenix (Chrono Boost)  
  101  12:43  Stalker x3  
  101  12:44  Stalker x3  
Show
View Real Time Build Order
Export as new Build Order

Manta Zerg - Winner!

Build Orders: 3 Hatch before Pool 

Get SALT Encoding   

  12  0:02  Drone  
  13  0:13  Overlord  
  13  0:17  Drone  
  14  0:32  Drone x2  
  16  0:40  Drone  
  17  0:54  Hatchery  
  16  1:19  Hatchery  
  16  1:24  Drone x3  
  18  1:29  Extractor  
  17  1:51  Drone x2  
  19  2:10  Spawning Pool  
  18  2:20  Drone x5  
  23  2:31  Drone  
  23  2:32  Drone x2  
  26  2:47  Drone x3  
  29  2:54  Drone x2  
  29  2:55  Drone, Extractor  
  31  3:02  Spine Crawler, Queen  
  31  3:05  Queen  
  34  3:22  Overlord x2  
  34  3:35  Overlord  
  34  3:40  Queen  
  36  3:42  Lair  
  36  3:46  Spore Crawler  
  35  3:49  Spore Crawler  
  35  3:52  Spore Crawler  
  35  3:55  Drone x3  
  36  3:56  Drone x4  
  36  4:00  Overlord  
  40  4:10  Zergling x2  
  40  4:11  Zergling x6  
  44  4:27  Extractor  
  43  4:41  Spire  
  43  4:44  Drone  
  44  4:45  Drone  
  44  4:56  Drone x4  
  44  4:57  Drone x3  
  51  5:02  Spore Crawler  
  51  5:05  Spore Crawler  
  49  5:10  Drone, Spore Crawler  
  49  5:13  Drone x3  
  52  5:16  Drone x6  
  52  5:18  Extractor  
  52  5:20  Overlord x3  
  57  5:24  Overlord  
  57  5:31  Drone  
  58  5:43  Drone x4  
  62  5:50  Hatchery  
  62  5:52  Mutalisk  
  62  5:53  Mutalisk x4  
  71  5:59  Mutalisk  
  71  6:00  Mutalisk  
  71  6:02  Drone x2  
  77  6:12  Mutalisk  
  77  6:16  Drone x3  
  77  6:17  Drone x3  
  85  6:19  Mutalisk  
  87  6:38  Extractor  
  86  6:40  Extractor  
  86  6:43  Drone x2  
  86  6:44  Drone x3  
  86  6:46  Overlord x2  
  82  7:08  Mutalisk  
  82  7:09  Mutalisk x4  
  82  7:10  Mutalisk  
  82  7:11  Zergling x2  
  82  7:12  Zergling x12  
  82  7:13  Zergling x4  
  97  7:19  Drone x3  
  100  7:28  Drone x2  
  102  7:34  Drone x3  
  102  7:35  Overlord  
  105  7:44  Zerg Flyer Armor Level 1  
  105  7:51  Drone, Extractor  
  105  7:52  Drone x3  
  105  7:53  Overlord x5, Extractor  
  105  7:54  Overlord  
  107  8:06  Queen  
  107  8:07  Mutalisk x3  
  107  8:08  Mutalisk x2  
  107  8:10  Hatchery, Overlord x3  
  107  8:12  Mutalisk x2  
  118  8:15  Mutalisk  
  124  8:20  Metabolic Boost  
  124  8:27  Evolution Chamber  
  123  8:29  Evolution Chamber  
  122  8:42  Drone x4  
  122  8:43  Overlord x2  
  122  8:46  Drone x4  
  130  8:49  Zergling x6  
  130  8:50  Zergling x6  
  136  8:58  Mutalisk x2  
  136  8:59  Mutalisk x3  
  136  9:02  Zergling x8  
  150  9:12  Queen  
  150  9:14  Hatchery  
  151  9:36  Drone x4  
  151  9:37  Mutalisk x4  
  151  9:38  Mutalisk x6, Zerg Flyer Weapons Level 1  
  175  9:51  Drone x2  
  177  9:55  Extractor  
  177  9:58  Extractor  
  175  10:04  Mutalisk x3  
  175  10:05  Mutalisk x3  
  175  10:06  Zergling x6  
  175  10:07  Zergling x14  
  192  10:08  Zergling x6  
  192  10:13  Zerg Ground Armor Level 1  
  189  10:30  Mutalisk x2  
  189  10:31  Mutalisk x2  
  189  10:32  Zergling x10  
  189  10:33  Zergling x14  
  189  10:34  Zergling x8  
  176  10:46  Mutalisk x3  
  176  10:47  Zergling x8  
  176  10:48  Zergling x8  
  179  11:13  Mutalisk x4  
  179  11:14  Mutalisk x2  
  191  11:19  Queen  
  193  11:29  Queen  
  193  11:30  Hatchery  
  194  11:33  Hatchery  
  193  11:49  Spire  
  187  12:08  Mutalisk x3  
  187  12:09  Mutalisk x3  
Tags
 
Add a new tag
Caveats
  • Supply blocks, unpowered buildings, or Contaminate may cause inaccurate times.
  • Supply counts are checked every 10 seconds.